 Dungeon Crawl Stone Soup version 0.27.1 (webtiles) character file.

Game seed: 9020878518965574427

23234 Amplified the Fighter (level 12, -3/172 HPs)
             Began as a Palentonga Berserker on Aug 30, 2021.
             Was a High Priest of Trog.
             Slain by a minotaur (27 damage)
             ... in a Gauntlet.
             The game lasted 00:19:30 (14624 turns).

Amplified the Fighter (Palentonga Berserker)       Turns: 14624, Time: 00:19:30

Health: -3/172     AC: 26    Str: 22    XL:     12   Next: 70%
Magic:  12/12      EV:  1    Int:  9    God:    Trog [*****.]
Gold:   689        SH:  0    Dex: 12    Spells: 11/11 levels left

rFire    . . .     SeeInvis +   y - +0 hand axe (vamp)
rCold    . . .     Faith    .   (no shield)
rNeg     + + +     Spirit   .   (armour currently unavailable)
rPois    +         Reflect  .   (helmet currently unavailable)
rElec    .         Harm     .   (cloak currently unavailable)
rCorr    .         Rampage  .   (gloves currently unavailable)
Will     ++...     NoTele   +   (no barding)
Stlth    +.........             D - amulet of regeneration
HPRegen  2.38/turn              g - +4 ring of slaying
MPRegen  0.13/turn              t - ring of poison resistance

@: tree-form, strong-willed (expiring), on berserk cooldown, very slightly
contaminated, regenerating (expiring), hasted and slowed, invisible
A: stationary, stasis, torment immunity, boosted hp, large, rugged brown scales
3, see invisible, (deformed body), (roll 1), (armoured tail), (reflexive curl),
(talons 1), sense surroundings 1
a: Renounce Religion, Berserk, Trog's Hand, Brothers in Arms


You were in a Gauntlet.
You worshipped Trog.
Trog was extremely pleased with you.
You were a tree.
You visited 3 branches of the dungeon, and saw 15 of its levels.
You also visited: Ossuary and Gauntlet.

You collected 1135 gold pieces.
You spent 446 gold pieces at shops.

Inventory:

Hand Weapons
 a - a +0 broad axe
 y - a +0 vampiric hand axe (weapon)
 I - a +2 trident of venom
Missiles
 m - 2 throwing nets
 w - 33 poisoned darts
Armour
 k - a +0 pair of gloves of archery
 l - a +2 pair of gloves
 v - a +2 cloak (melded)
 F - the +5 ring mail "Wuycy" (melded) {rC+}
   (You bought it in a shop on level 3 of the Dungeon)

   rC:        It protects you from cold.
 K - a +2 pair of gloves of dexterity (melded)
Jewellery
 g - a +4 ring of slaying (left branch)
 r - a ring of willpower
 t - a ring of poison resistance (right branch)
 u - a ring of protection from fire
 D - an amulet of regeneration (around neck)
 G - a ring of resist corrosion
Wands
 h - a wand of digging (1)
 i - a wand of flame (51)
 p - a wand of paralysis (6)
 E - a wand of iceblast (8)
Scrolls
 n - 2 scrolls of blinking
 q - a scroll of teleportation
 s - 4 scrolls of enchant weapon
 x - 5 scrolls of identify
 A - 2 scrolls of immolation
 J - a scroll of fog
Potions
 b - 2 potions of attraction
 c - 4 potions of brilliance
 d - 2 potions of magic
 e - 2 potions of lignification
 f - a potion of mutation
 j - 6 potions of curing
 o - 4 potions of berserk rage
 z - 4 potions of haste
 H - 2 potions of cancellation


   Skills:
 * Level 14.9 Fighting
 * Level 14.8 Axes
 - Level 1.5 Armour
 - Level 1.5 Dodging


You had 11 spell levels left.
You didn't know any spells.
Your spell library contained the following spells:

 Spells                   Type           Power      Damage    Failure   Level
 Summon Small Mammal      Summ           0%         N/A       38%         1
 Call Canine Familiar     Summ           0%         N/A       77%         3
 Conjure Flame            Conj/Fire      0%         6-21      77%         3
 Ignite Poison            Fire/Tmut/Pois 0%         N/A       77%         3
 Inner Flame              Hex/Fire       0%         N/A       77%         3
 Stone Arrow              Conj/Erth      0%         3d7       77%         3
 Summon Guardian Golem    Hex/Summ       0%         N/A       77%         3
 Tukima's Dance           Hex            0%         N/A       77%         3
 Cause Fear               Hex            0%         N/A       99%         4
 Hailstorm                Conj/Ice       0%         3d3       99%         4
 Ice Form                 Ice/Tmut       0%         N/A       99%         4
 Passage of Golubria      Tloc           N/A        N/A       99%         4
 Petrify                  Tmut/Erth      0%         N/A       99%         4
 Sticky Flame             Conj/Fire      0%         2d3       99%         4
 Bolt of Magma            Conj/Fire/Erth 0%         4d4       100%        5
 Metabolic Englaciation   Hex/Ice        0%         N/A       100%        5
 Yara's Violent Unravell  Hex/Tmut       0%         3d3       100%        5
 Simulacrum               Ice/Necr       0%         N/A       100%        6
 Statue Form              Tmut/Erth      0%         N/A       100%        6
 Discord                  Hex            0%         N/A       100%        8
 Shatter                  Erth           0%         3d5*      100%        9


Dungeon Overview and Level Annotations

Branches:
Dungeon (12/15)            Temple (0/1) D:4            Lair (1/6) D:10
    Orc (2/2) D:12        Ossuary (visited)         Gauntlet (1/1)
    Elf: Orc:2

Altars:
Ashenzari
Cheibriados
Dithmenos
Elyvilon
Fedhas
Gozag
Hepliaklqana
Makhleb
Nemelex Xobeh
Okawaru
Qazlal
Trog
Uskayaw
Yredelemnul
Zin
The Shining One
Beogh

Shops:
D:3 [!(?[   D:6 ?(=

Portals:
Trove: D:10 (show slimy rune of Zot)

Annotations:
D:3 Good floor
Orc:2 Azrael, Jorgrun Gauntlet 6 transporters, 21 runed translucent doors, exclusion: ice statue


Innate Abilities, Weirdness & Mutations

You are a tree.
Your roots penetrate the ground, keeping you stationary.
You cannot be teleported.
You are immune to unholy pain and torment.
Your maximum health is greatly increased.
Your equipment is partially melded.
(You are completely covered in rugged brown scales. (AC +3, +7% HP))
You have supernaturally acute eyesight. (SInv)
((Armour fits poorly on your strangely shaped body.))
((You can roll at nearby foes to attack.))
((You have a long armoured tail.))
((You curl defensively after being hit.))
((You have sharp toenails.))
You passively map a small area around you.


Message History

Aim: a minotaur, wielding the +7 captain's cutlass {speed, disarm}, wearing the +5 ring mail of Dyspraxia {rElec rPois Int+3 Dex+4}, wearing a +0 tower shield of positive energy and quivering javelins (severely wounded, covered in acid, 86% to hit)
The bolt of acid hits the minotaur!
The minotaur is splashed with acid.
The minotaur seems to be corroded for longer.
The minotaur is almost dead.
The now-empty wand crumbles to dust.
The minotaur hits you with the +7 captain's cutlass {speed, disarm}!!
* * * LOW HITPOINT WARNING * * *
The minotaur gores you but does no damage.
The minotaur hits you with the +7 captain's cutlass {speed, disarm}!
* * * LOW HITPOINT WARNING * * *
The minotaur gores you but does no damage.
Unknown command.
Unknown command.
Unknown command.
Aiming: Iceblast
Press: ? - help, Shift-Dir - straight line, p - minotaur
Okay, then.
Okay, then.
Unknown command.
Your two-headed ogre goes berserk!
You feel the effects of Trog's Hand fading.
The minotaur hits you with the +7 captain's cutlass {speed, disarm}!!
* * * LOW HITPOINT WARNING * * *
The minotaur gores you.
* * * LOW HITPOINT WARNING * * *
Unknown command.
Unknown command.
Unknown command.
Unknown command.
What are your orders? t - Creak!
Orders for allies: a - Attack new target. p - Attack previous target. r - Retreat! s - Stop attacking. g - Guard the area. f - Follow me.
Anything else - Cancel.
Okay, then.
Okay, then.
You feel better.
The minotaur hits you with the +7 captain's cutlass {speed, disarm}!!
You die...

######..#) **
####..##≈..#.
.......###..#©
*#.###..##≈..#.
,,.......###..#( *,,
..#.#....#..#.
#########.#.#...©#..##
#8[8:8O8#...#....#.∩..
#∩..H♣..'.###....#....
#8[8)8.8#...#...©#..##
#########.#.#....#..#?
#.....#.#..###..#.
#8.........##≈§.##
##.##.###..###..#=
#..... ...##≈..#©
######*#..###..#.
#####§..#.


You could see a minotaur (corroded, ally target) and a friendly two-headed ogre
(summoned, berserk).

Vanquished Creatures
  Josephine (D:11)
  A death knight (D:11)
  A catoblepas (D:9)
  2 two-headed ogres (D:12)
  An orc high priest (Orc:1)
  A sixfirhy (Gauntlet)
  2 deep elf pyromancers
  An orc sorcerer (Orc:2)
  An ugly thing (D:11)
  3 cyclopes
  2 unseen horrors
  A cane toad (Lair:1)
  3 kobold demonologists
  A komodo dragon (D:10)
  The ghost of puimuR the Skirmisher, an amateur HOBr of the Shining One (D:6)
  A queen bee (Gauntlet)
  Prince Ribbit (D:6)
  Sigmund (D:3)
  3 wraiths (D:11)
  3 shadows
  11 flying skulls (Gauntlet)
  3 wyverns
  20 yaks
  2 steam dragons
  3 vampire mosquitoes (D:12)
  A warg (Orc:1)
  2 water moccasins
  A hell hound (Orc:2)
  12 orc warriors
  3 sky beasts
  4 black bears
  2 ice beasts
  3 ogres
  3 centaurs
  A phantom (D:5)
  2 bullfrogs
  5 kobold brigands
  A gnoll sergeant (D:12)
  4 scorpions
  A water moccasin skeleton (D:4)
  8 killer bees
  9 wights
  7 howler monkeys
  2 centaur zombies
  3 bullfrog skeletons (D:6)
  A centaur skeleton (D:5)
  2 hounds
  2 jellies (D:6)
  11 orc priests
  2 gnoll shamans
  Ijyb (D:3)
  5 iguanas
  13 orc wizards
  A killer bee zombie (D:7)
  4 hound skeletons
  8 mummies (Ossuary)
  A howler monkey zombie (D:6)
  11 gnolls
  A howler monkey skeleton (D:7)
  9 adders
  3 white imps
  5 ufetubi
  A worm (D:4)
  A dart slug (D:1)
  57 orcs
  3 ball pythons
  5 bats
  4 endoplasms
  6 giant cockroaches
  5 goblins
  6 hobgoblins
  3 jackals (D:1)
  2 frilled lizards
  3 hobgoblin zombies (Ossuary)
  23 kobolds
  3 kobold zombies (Ossuary)
  2 orc zombies (Ossuary)
  2 rats
350 creatures vanquished.

Vanquished Creatures (others)
  A killer bee (D:7)
  An orc wizard (D:11)
  4 demonic plants (Gauntlet)
  A fungus (D:10)
  4 plants
11 creatures vanquished.

Grand Total: 361 creatures vanquished

Notes
Turn   | Place    | Note
-------+----------+-------------------------------------------
     0 | D:1      | Amplified the Palentonga Berserker began the quest for the
                  | Orb.
     0 | D:1      | Reached XP level 1. HP: 19/19 MP: 1/1
   237 | D:1      | Found a faded altar of an unknown god.
   327 | D:1      | Reached XP level 2. HP: 22/25 MP: 2/2
  1309 | D:2      | Reached XP level 3. HP: 32/32 MP: 3/3
  1952 | D:3      | Found Zemmopp's Antique Armour Shoppe.
  1975 | D:3      | Noticed Ijyb
  1987 | D:3      | Killed Ijyb
  1988 | D:3      | Reached XP level 4. HP: 35/39 MP: 4/4
  2160 | D:3      | Found Lycwopt's Magic Scroll Shop.
  2167 | D:3      | Reached ** piety under Trog
  2469 | D:3      | Found Momucsa's Distillery.
  2516 | D:3      | Noticed Sigmund
  2527 | D:3      | Killed Sigmund
  2528 | D:3      | Reached skill level 5 in Fighting
  2528 | D:3      | Reached skill level 5 in Axes
  2528 | D:3      | Reached XP level 5. HP: 47/47 MP: 5/5
  2693 | D:3      | Found a basalt altar of Yredelemnul.
  2705 | D:3      | Found Hiurr's Armour Shoppe.
  2714 | D:3      | Bought a +0 pair of gloves for 63 gold pieces
  2813 | D:3      | Found Gebih's Weapon Shop.
  2987 | D:4      | Reached XP level 6. HP: 43/54 MP: 6/6
  3804 | D:4      | Found a staircase to the Ecumenical Temple.
  3887 | D:4      | Found an iron altar of Okawaru.
  4101 | D:5      | Entered Level 5 of the Dungeon
  4140 | D:5      | Gained mutation: You curl defensively after being hit.
                  | [Palentonga growth]
  4140 | D:5      | Reached XP level 7. HP: 50/62 MP: 7/7
  4420 | D:5      | Found a hazy altar of Hepliaklqana.
  4441 | D:5      | Found a stormy altar of Qazlal.
  4442 | D:5      | Found a glowing golden altar of the Shining One.
  4942 | D:5      | Found a blossoming altar of Fedhas.
  5069 | D:6      | Noticed Prince Ribbit
  5299 | D:6      | Reached XP level 8. HP: 67/71 MP: 8/8
  5376 | D:6      | Found Ymeoroill's Magic Scroll Shop.
  5659 | D:6      | Found Ygizefirril's Jewellery Boutique.
  6220 | D:6      | Found a glowing silver altar of Zin.
  6321 | D:6      | Found an opulent altar of Gozag.
  6477 | D:6      | Noticed puimuR's ghost (amateur HOBr)
  6477 | D:6      | Noticed a cyclops
  6485 | D:6      | Found a runed translucent gate.
  6485 | D:6      | Found a runed translucent gate.
  6487 | D:6      | Found a runed translucent gate.
  6513 | D:6      | Gained mutation: You have sharp toenails. [potion of
                  | mutation]
  6513 | D:6      | Gained mutation: You passively map a small area around you.
                  | [potion of mutation]
  6518 | D:6      | Killed Prince Ribbit
  6519 | D:6      | Reached XP level 9. HP: 79/81 MP: 9/9
  6542 | D:6      | Found Tiun's Weapon Boutique.
  6753 | D:6      | Reached *** piety under Trog
  6772 | D:6      | Killed puimuR's ghost
  6781 | D:6      | Killed a cyclops
  7113 | D:7      | Found a shadowy altar of Dithmenos.
  7306 | D:7      | Reached skill level 10 in Fighting
  7306 | D:7      | Reached skill level 10 in Axes
  7393 | D:7      | Found a hide-covered altar of Uskayaw.
  7889 | D:7      | Found a snail-covered altar of Cheibriados.
  7953 | D:7      | Reached XP level 10. HP: 73/92 MP: 10/10
  8718 | D:8      | Found a sand-covered staircase.
  8750 | Ossuary  | Entered an ossuary
  8790 | Ossuary  | Reached **** piety under Trog
  9862 | D:8      | Found a sparkling altar of Nemelex Xobeh.
  9862 | D:8      | Found a transporter.
  9862 | D:8      | Noticed an eight-headed hydra
  9863 | D:8      | Noticed a cyclops
 10028 | D:8      | Noticed a deep elf pyromancer
 10044 | D:8      | Killed a deep elf pyromancer
 10336 | D:9      | Found a burning altar of Makhleb.
 10515 | D:9      | Reached ***** piety under Trog
 10711 | D:9      | Noticed a catoblepas
 11200 | D:3      | Bought a translucent ring mail for 243 gold pieces
 11200 | D:3      | Identified the +5 ring mail "Wuycy" {rC+} (You bought it in
                  | a shop on level 3 of the Dungeon)
 11292 | D:6      | Bought a +0 broad axe for 56 gold pieces
 11292 | D:6      | Bought 2 throwing nets for 84 gold pieces
 11468 | D:9      | Killed a catoblepas
 11469 | D:9      | Reached XP level 11. HP: 101/101 MP: 11/11
 11491 | D:10     | Entered Level 10 of the Dungeon
 11602 | D:10     | Found a broken altar of Ashenzari.
 11619 | D:10     | Found a portal to a secret trove of treasure.
 11777 | D:10     | Found a staircase to the Lair.
 11998 | D:10     | Found a bloodstained altar of Trog.
 12026 | D:10     | Found a white marble altar of Elyvilon.
 12626 | D:11     | Received a gift from Trog
 12707 | D:11     | Noticed Josephine
 12721 | D:11     | Killed Josephine
 12809 | D:11     | Noticed a brown ugly thing
 12822 | D:11     | Killed a brown ugly thing
 13288 | D:12     | Found a staircase to the Orcish Mines.
 13580 | D:12     | Reached XP level 12. HP: 111/113 MP: 12/12
 13606 | D:12     | Received a gift from Trog
 13683 | D:12     | Noticed a two-headed ogre
 13689 | D:12     | Killed a two-headed ogre
 13789 | D:12     | Noticed a two-headed ogre
 13795 | D:12     | Killed a two-headed ogre
 13821 | D:12     | Noticed a death knight
 13846 | D:11     | Killed a death knight
 13908 | Orc:1    | Entered Level 1 of the Orcish Mines
 14017 | Orc:1    | Noticed an orc high priest
 14033 | Orc:1    | Killed an orc high priest
 14095 | Orc:2    | Entered Level 2 of the Orcish Mines
 14102 | Orc:2    | Noticed Azrael
 14108 | Orc:2    | Noticed an orc high priest
 14110 | Orc:2    | Noticed Jorgrun
 14220 | Lair:1   | Entered Level 1 of the Lair of Beasts
 14220 | Lair:1   | Found a gate leading to a gauntlet.
 14303 | Gauntlet | Entered a Gauntlet
 14303 | Gauntlet | Found a transporter.
 14303 | Gauntlet | Found a transporter.
 14303 | Gauntlet | Found a transporter.
 14313 | Gauntlet | Found a transporter.
 14316 | Gauntlet | Found a transporter.
 14327 | Gauntlet | Found a transporter.
 14335 | Gauntlet | Found a transporter.
 14349 | Gauntlet | Noticed a reaper
 14353 | Gauntlet | Found a transporter.
 14359 | Gauntlet | Found a transporter.
 14359 | Gauntlet | Found a transporter.
 14361 | Gauntlet | Found a transporter.
 14363 | Gauntlet | Found a runed translucent gate.
 14363 | Gauntlet | Found a runed translucent gate.
 14364 | Gauntlet | Found a large runed translucent door.
 14364 | Gauntlet | Found a large runed translucent door.
 14365 | Gauntlet | Found a large runed translucent door.
 14366 | Gauntlet | Found a large runed translucent door.
 14367 | Gauntlet | Found a large runed translucent door.
 14367 | Gauntlet | Found a large runed translucent door.
 14367 | Gauntlet | Found a runed translucent door.
 14368 | Gauntlet | Found a large runed translucent door.
 14369 | Gauntlet | Found a large runed translucent door.
 14371 | Gauntlet | Found a transporter.
 14372 | Gauntlet | Found a runed translucent gate.
 14372 | Gauntlet | Found a runed translucent door.
 14410 | Gauntlet | Found a large runed translucent door.
 14410 | Gauntlet | Found a large runed translucent door.
 14411 | Gauntlet | Found a large runed translucent door.
 14412 | Gauntlet | Found a large runed translucent door.
 14413 | Gauntlet | Found a large runed translucent door.
 14413 | Gauntlet | Found a large runed translucent door.
 14414 | Gauntlet | Found a large runed translucent door.
 14415 | Gauntlet | Found a large runed translucent door.
 14599 | Gauntlet | Identified the +5 ring mail of Dyspraxia {rElec rPois Int+3
                  | Dex+4}
 14599 | Gauntlet | Noticed a minotaur
 14624 | Gauntlet | Slain by a minotaur

Illustrated notes

Levels and vault maps discovered:
D:1:      zelgadis_glass_arrival_small, layout_loops_corners,
          dreamdust_ecumenical_altar_grove, minmay_misc_feat_tower
D:2:      layout_basic
D:3:      layout_loops_cross, old_standard_altar, serial_shops,
          nicolae_shop_temple_entry_statues_fountains, shop_fountains, shop,
          shop_fountains, shop, uniq_sigmund, uniq_ijyb
D:4:      layout_basic, kennysheep_okawaru_gauntlet, temple_statues,
          grunt_decor_fettered, minmay_misc_feat_roman
D:5:      layout_cave_pools, mainiacjoe_overflow_chevrons,
          mainiacjoe_overflow_alcove_1, jmf_multi_god_temple,
          kennysheep_generic_room_12
D:6:      layout_loops_corners, pdpol_temple_overflow_zin_treasury_gozag_greed,
          serial_shops, shop_statue, shop, shop, gammafunk_ghost_split,
          roderic_roman_lattice, kennysheep_generic_room_3, uniq_prince_ribbit1
D:7:      minmay_slanted_spiral_squares, layout_rooms, amcnicky_altar_gilded,
          mainiacjoe_overflow_24_doors, general_overflow_altar,
          minmay_misc_feat_doors
D:8:      layout_rooms, grunt_nemelex_the_gamble, enter_ossuary_2,
          nicolae_wwwww, grunt_ministairs_4
D:9:      layout_loops_cross, mainiacjoe_overflow_paths
D:10:     layout_cave_pods, mainiacjoe_overflow_alcove_4, kennysheep_mini,
          mainiacjoe_overflow_cross_hatched, david_lair_generic, enter_trove_2
D:11:     layout_roguey, special_room [special_room_orc], uniq_josephine
D:12:     layout_loops_ring, orc_0_dummy
Lair:1:   layout_gridlike, gauntlet_entry_generic, grunt_megastairs_3
Orc:1:    layout_diamond_mine, rock_pile
Orc:2:    kennysheep_orc_mage_school, layout_caves, serial_shops,
          nicolae_shop_statue_plus, mines3_lemuel, uniq_donald, uniq_azrael,
          uniq_jorgrun
Gauntlet: minmay_gauntlet_mixed_big_or_small
          [nicolae_gauntlet_arena_flowing_pool, minmay_gauntlet_arena_77_museum,
          minmay_gauntlet_arena_make_your_own_arena,
          minmay_gauntlet_arena_77_radiant_squares, nicolae_gauntlet_swirl,
          minmay_gauntlet_arena_77_terracotta_army,
          nicolae_gauntlet_exit_dead_adventurers]

Skill      XL: |  1  2  3  4  5  6  7  8  9 10 11 12 |
---------------+-------------------------------------+-----
Fighting       | 4 5 6 7 9 10 12 13 14 | 14.9
Axes           | 4 5 6 7 9 10 12 13 14 | 14.8
Armour         | |  1.5
Dodging        | |  1.5

Action                   |  1- 3 |  4- 6 |  7- 9 | 10-12 || total
-------------------------+-------+-------+-------+-------++-------
Melee: Hand axe          |    92 |   123 |   201 |   686 ||  1102
       Tailslap          |    10 |    15 |    29 |   106 ||   160
       Kick              |       |       |    28 |   228 ||   256
Invok: Berserk           |     1 |     4 |     9 |    10 ||    24
       Trog's Hand       |       |     1 |     2 |     3 ||     6
       Brothers in Arms  |       |       |       |     1 ||     1
 Abil: Rolling Charge    |     9 |     8 |     6 |     1 ||    24
Evoke: Wand              |       |     4 |     1 |     7 ||    12
  Use: Scroll            |     5 |     7 |     6 |    10 ||    28
       Potion            |       |     2 |     6 |     8 ||    16
 Stab: Invisible         |       |       |     2 |     6 ||     8
Armor: Animal skin       |    13 |       |       |       ||    13
       Ring mail         |    29 |    51 |    39 |   164 ||   283
       Steam dragon scal |       |       |    21 |    49 ||    70
       Skin              |       |       |       |    68 ||    68
Dodge: Dodged            |    53 |    62 |    81 |   211 ||   407
